 Dungeon Crawl Stone Soup version 0.24-a0-459-g225fefd530 (webtiles) character file.

Game seed: 11747854118394868485

836 vurker the Conjurer (level 7, -9/57 HPs)
             Began as a White Draconian Fire Elementalist on June 28, 2019.
             Killed by divine providence
             ... invoked by an orc priest
              (13 damage)
             ... on level 6 of the Dungeon.
             The game lasted 00:14:56 (7598 turns).

vurker the Conjurer (DrFE)                          Turns: 7598, Time: 00:14:56

Health: -9/57      AC:  6    Str: 15    XL:     7   Next: 66%
Magic:  12/12      EV: 12    Int: 17    God:
Gold:   313        SH:  0    Dex: 11    Spells: 2/13 levels left

rFire    . . .     SeeInvis .   v - +1 war axe of Punishment {chop, MR+ Str+4} (curse)
rCold    + . .     Gourm    .   (no shield)
rNeg     . . .     Faith    .   (armour unavailable)
rPois    .         Spirit   .   (helmet restricted)
rElec    .         Reflect  .   (no cloak)
rCorr    +         Harm     .   (no gloves)
MR       +....                  (no boots)
Stlth    ++........             (no amulet)
HPRegen  0.19/turn              p - ring of resist corrosion
MPRegen  0.13/turn              (no ring)

@: lethally poisoned (-9 -> -20)
A: breathe frost, unfitting armour, cold resistance 1, cold-blooded, AC +6
a: Breathe Frost


You were on level 6 of the Dungeon.
You were not hungry.

You visited 1 branch of the dungeon, and saw 6 of its levels.

You collected 313 gold pieces.

Inventory:

Hand Weapons
 b - a +3 hunting sling
   (You took it off a goblin on level 3 of the Dungeon)
 v - the cursed +1 war axe of Punishment (weapon) {chop, MR+ Str+4}
   (You found it on level 5 of the Dungeon)

   It inflicts extra damage upon your enemies.
   It affects your strength (+4).
   It affects your resistance to hostile enchantments.
   It has a curse placed upon it.
Missiles
 f - 155 stones (quivered)
Armour
 a - a +0 cloak
   (You found it on level 5 of the Dungeon)
 u - a +0 shield
   (You found it on level 3 of the Dungeon)
Jewellery
 p - a ring of resist corrosion (left hand)
   (You found it on level 3 of the Dungeon)
Wands
 c - a wand of disintegration (10)
   (You took it off Ijyb on level 3 of the Dungeon)
 t - a wand of flame (17)
   (You found it on level 5 of the Dungeon)
Scrolls
 g - 2 scrolls of magic mapping {unknown}
 h - 2 scrolls of fear {unknown}
 j - 2 scrolls of amnesia {unknown}
 k - 5 scrolls of remove curse {unknown}
 l - a scroll of teleportation {unknown}
 q - a scroll of random uselessness {unknown}
 s - 8 scrolls of identify {unknown}
 y - a scroll of enchant armour {unknown}
Potions
 d - 2 potions of agility
 i - a potion of curing {unknown}
 m - 3 potions of lignification {!q}
 n - 2 potions of flight {unknown}
 o - a potion of invisibility {unknown}
 r - a potion of ambrosia {unknown}
 w - a potion of haste {@q3}
 x - a potion of berserk rage {unknown}
Comestibles
 e - 13 rations {!d}
 z - a chunk of flesh


   Skills:
 + Level 3.5 Fighting
 - Level 1.7 Dodging
 - Level 1.7 Stealth
 + Level 3.7 Spellcasting
 - Level 5.0 Conjurations
 * Level 4.8 Fire Magic


You had 2 spell levels left.
You knew the following spells:

 Your Spells              Type           Power        Failure   Level  Hunger
a - Flame Tongue          Conj/Fire      ###..        2%          1    None
b - Throw Flame           Conj/Fire      ###...       3%          2    ##.....
c - Conjure Flame         Conj/Fire      ###.....     6%          3    ###....
z - Fireball              Conj/Fire      ###.......   52%         5    ######.

Your spell library contained the following spells:

 Spells                   Type           Power        Failure   Level  Hunger
 Inner Flame              Hex/Fire       ##......     19%         3    ###....
 Sticky Flame             Conj/Fire      ###.....     22%         4    ####...


Dungeon Overview and Level Annotations

Branches:
Dungeon (6/15)
 Temple: D:4-7

Altars:
Elyvilon
Fedhas
Makhleb
Nemelex Xobeh
Sif Muna
Xom

Annotations:
D:4 3 runed translucent doors, KristoblXynda's ghost, amateur DrGl; zkyp's ghost, amateur HOSk


Innate Abilities, Weirdness & Mutations

You can breathe waves of freezing cold.
You can buffet flying creatures when you breathe cold.
Your icy white scales are hard. (AC +6)
You cannot fit into any form of body armour.
Your flesh is cold resistant. (rC+)
You are cold-blooded and may be slowed by cold attacks.


Message History

The bullfrog skeleton closely misses you.
The orc wizard hits you with a +0 dagger.
* * * LOW HITPOINT WARNING * * *
The worker ant bites you.
* * * LOW HITPOINT WARNING * * *
You are lethally poisoned!
The worker ant poisons you!
The orc wizard mumbles some strange words.
The orc wizard seems to speed up.
The bullfrog skeleton closely misses you.
An orc comes into view. It is wielding a +0 mace.
An orc priest comes into view.
The orc shouts!
The orc priest shouts!
You barely miss the orc wizard.
Your tail-slap misses the orc wizard.
You hit the bullfrog skeleton. You barely miss the worker ant.
* * * LOW HITPOINT WARNING * * *
You feel very sick.
You hear a bark!
You hear a shout!
The worker ant bites you but does no damage.
The bullfrog skeleton hits you.
* * * LOW HITPOINT WARNING * * *
The orc wizard closely misses you.
The orc wizard hits you but does no damage.
The orc priest casts a cantrip, but nothing happens.
An orc wizard comes into view. It is wielding a +0 dagger.
The bullfrog skeleton misses you. The worker ant closely misses you.
You barely miss the orc wizard. You barely miss the worker ant.
The orc wizard shouts!
You hit the orc wizard.
You completely miss the bullfrog skeleton.
* * * LOW HITPOINT WARNING * * *
You feel sick.
The orc wizard hits you but does no damage.
The orc wizard mumbles some strange words.
The orc wizard blinks!
The bullfrog skeleton barely misses you.
The worker ant barely misses you.
The orc wizard hits you but does no damage.
An orc comes into view. It is wielding a +0 flail.
The bullfrog skeleton hits you but does no damage.
You hit the orc priest but do no damage.
You hit the worker ant.
You kill the worker ant!
You barely miss the orc wizard. You hit the bullfrog skeleton.
* * * LOW HITPOINT WARNING * * *
You feel sick.
The orc wizard hits you but does no damage.
The orc priest calls down the wrath of Beogh upon you.
Beogh smites you!
You die...

#.###.# #
######.##..##### ..
...[............ # #.
.......#..#####. ##.#.
###.....#####. ..#.#
#..##.##.... #...
##.###..#.##. ##..†##
#..# ##.#.##. #..oo@#
##.#####.#.##.
##...Zo###......#.#.###
.......o.##........#÷###
..................##....
.........##.......###...
##......###.......# #.##
#o...o.# #.#####.# #.##
#o##.#.# #.# ..##.##
#.#..... ..# .##.##


You could see 2 orc priests, 3 orc wizards, 2 orcs and a bullfrog skeleton.

Vanquished Creatures
  Duvessa (D:5)
  An ogre (D:4)
  Dowan (D:5)
  A howler monkey (D:3)
  4 hounds
  An orc priest (D:3)
  2 orc wizards
  Ijyb (D:3)
  4 worker ants
  A gnoll (D:3)
  8 adders
  2 oozes (D:2)
  4 worms
  2 leopard geckos (D:3)
  22 orcs
  5 bats
  2 giant cockroaches (D:3)
  16 goblins
  6 hobgoblins
  12 jackals
  9 kobolds
  5 quokkas
  2 ball pythons
  6 frilled lizards
  4 rats
122 creatures vanquished.

Notes
Turn   | Place    | Note
-------+----------+-------------------------------------------
     0 | D:1      | vurker the Draconian Fire Elementalist began the quest for
                  | the Orb.
     0 | D:1      | Reached XP level 1. HP: 14/14 MP: 3/3
   245 | D:1      | Reached XP level 2. HP: 18/22 MP: 3/5
  1143 | D:2      | Learned a level 2 spell: Throw Flame
  1160 | D:2      | Reached skill level 1 in Fighting
  1216 | D:2      | Reached XP level 3. HP: 28/28 MP: 3/6
  1415 | D:2      | Reached skill level 2 in Conjurations
  1564 | D:2      | Found a burning altar of Makhleb.
  1616 | D:2      | Learned a level 3 spell: Conjure Flame
  1692 | D:2      | Reached XP level 4. HP: 35/35 MP: 3/7
  2940 | D:3      | Reached skill level 3 in Conjurations
  2940 | D:3      | Reached XP level 5. HP: 26/41 MP: 0/9
  3439 | D:3      | Found a white marble altar of Elyvilon.
  3552 | D:3      | Found a sparkling altar of Nemelex Xobeh.
  3995 | D:3      | Found a deep blue altar of Sif Muna.
  4316 | D:3      | Reached XP level 6. HP: 40/49 MP: 0/10
  4442 | D:3      | Noticed Ijyb
  4461 | D:3      | Killed Ijyb
  4805 | D:3      | Learned a level 5 spell: Fireball
  5031 | D:3      | Found a shimmering altar of Xom.
  5736 | D:4      | Found a blossoming altar of Fedhas.
  5862 | D:4      | Reached skill level 4 in Conjurations
  6132 | D:4      | Reached skill level 5 in Fire Magic
  6188 | D:4      | Found a runed translucent gate.
  6188 | D:4      | Found a runed translucent gate.
  6188 | D:4      | Found a runed translucent gate.
  6189 | D:4      | Noticed KristoblXynda's ghost (amateur DrGl)
  6190 | D:4      | Noticed zkyp's ghost (amateur HOSk)
  6194 | D:4      | Your scales start taking on an icy white colour.
  6194 | D:4      | Reached XP level 7. HP: 56/56 MP: 9/11
  6194 | D:4      | Gained mutation: Your flesh is cold resistant. (rC+) [White
                  | Draconian growth]
  6338 | D:5      | Entered Level 5 of the Dungeon
  6417 | D:5      | Got a bloodstained war axe
  6418 | D:5      | Identified the cursed +1 war axe of Punishment {chop, MR+
                  | Str+4} (You found it on level 5 of the Dungeon)
  6687 | D:5      | Noticed Duvessa
  6687 | D:5      | Noticed Dowan
  6700 | D:5      | Killed Duvessa
  6711 | D:5      | Killed Dowan
  7519 | D:6      | Reached skill level 5 in Conjurations
  7598 | D:6      | Killed from afar by an orc priest

Levels and vault maps discovered:
D:1:      dpeg_arrival_long_road, layout_basic, minmay_quantized
D:2:      layout_basic, bloody_makhleb
D:3:      kennysheep_goblin_castle, layout_basic, lemuel_blue_sif_altar,
          nemelex_xobeh_ov_fountains_minmay, elyvilon_altar_1, tgw_xom,
          first_ration
D:4:      layout_cave_pools, gammafunk_ghost_cemetery, minmay_tree_intersection,
          fedhas_altar_1
D:5:      layout_basic, serial_bayou, serial_bayou_crossing,
          serial_bayou_shore_b, serial_bayou_pond_c, serial_bayou_lake_a,
          serial_bayou_pond_d, uniq_duvessa
D:6:      layout_loops_cross, nicolae_dithmenos_shadow_blocks,
          roderic_cross_of_infinity

Skill      XL: |  1  2  3  4  5  6  7 |
---------------+----------------------+-----
Fighting       | 1 2 3 |  3.5
Conjurations   | 2 3 4 5 |  5.0
Fire Magic     | 4 4 |  4.8
Spellcasting   | 3 |  3.7
Dodging        | |  1.7
Stealth        | |  1.7

Action                   |  1- 3 |  4- 6 |  7- 9 || total
-------------------------+-------+-------+-------++-------
Melee: Unarmed           |    46 |       |       ||    46
       Dagger            |    14 |    93 |       ||   107
       Tailslap          |     1 |     9 |     2 ||    12
       War axe           |       |       |    45 ||    45
 Fire: Hunting sling     |       |    43 |     2 ||    45
 Cast: Flame Tongue      |    54 |   125 |    18 ||   197
       Throw Flame       |     1 |    13 |       ||    14
  Use: Potion            |       |     4 |       ||     4
 Stab: Sleeping          |     1 |     2 |       ||     3
  Eat: Chunk             |     3 |    12 |     5 ||    20
       Ration            |       |     1 |       ||     1
Armor: Skin              |    27 |    47 |    27 ||   101
Dodge: Dodged            |    66 |   101 |    59 ||   226

Table legend:
 A = Non-vault XP
 B = Vault XP
 C = Vault XP percentage of total XP
 D = Non-vault monster count
 E = Vault monster count
 F = Vault count percentage of total count
                 A         B        C        D         E       F
            +---------+---------+-------+---------+---------+-------
      Total |     893 |     302 |  25.3 |     100 |      22 |  18.0
            +---------+---------+-------+---------+---------+-------
        D:1 |      22 |      10 |  31.2 |      13 |       5 |  27.8
        D:2 |      73 |       0 |   0.0 |      15 |       0 |   0.0
        D:3 |     257 |      74 |  22.4 |      45 |      15 |  25.0
        D:4 |     303 |       0 |   0.0 |      19 |       0 |   0.0
        D:5 |     162 |     218 |  57.4 |       5 |       2 |  28.6
        D:6 |      76 |       0 |   0.0 |       3 |       0 |   0.0
            +---------+---------+-------+---------+---------+-------
